 Dungeon Crawl Stone Soup version 0.18-a0-1797-gc18daef (webtiles) character file.

1013 M4edhros the Covert (level 8, -9/51 HPs)
             Began as an Octopode Artificer on Apr 23, 2016.
             Was an Initiate of Gozag.
             Mangled by an orc warrior
             ... wielding a +0 short sword
              (20 damage)
             ... on level 6 of the Dungeon.
             The game lasted 00:06:03 (4144 turns).

M4edhros the Covert (Octopode Artificer)            Turns: 4144, Time: 00:06:04

Health: -9/51      AC:  1    Str: 10    XL:     8   Next: 21%
Magic:  10/10      EV: 14    Int: 15    God:    Gozag
Gold:   661        SH:  0    Dex: 17    Spells: 1 memorised, 1 level left

rFire  . . .     SeeInvis .     n - +9 short sword of Subjectivity {vamp, Dex+3}
rCold  . . .     Gourm    .     (no shield)
rNeg   . . .     Faith    .     (helmet restricted)
rPois  .         Spirit   .     (no amulet)
rElec  .         Dismiss  .     (no ring)
rCorr  .         Reflect  .     (no ring)
SustAt .         Harm     .     (no ring)
MR     .....                    (no ring)
Stlth  ++++++....               (no ring)
                                (no ring)
                                (no ring)
                                (no ring)

@: gold aura, not resistant to hostile enchantments, very stealthy
A: almost no armour, amphibious, 8 rings, constrict 8, camouflage 1, gelatinous
body 1
a: Potion Petition, Call Merchant, Bribe Branch, Renounce Religion


You were on level 6 of the Dungeon.
You worshipped Gozag.
Gozag was noncommittal.
You were not hungry.

You visited 1 branch of the dungeon, and saw 6 of its levels.

You collected 679 gold pieces.
You paid 18 gold pieces to Gozag.

Inventory:

Hand Weapons
 a - a +1 antimagic trident
 n - the +9 short sword of Subjectivity (weapon) {vamp, Dex+3}
   (You found it on level 5 of the Dungeon)

   It inflicts no extra harm, but heals its wielder somewhat when it strikes a
   living foe.
   It affects your dexterity (+3).
 q - a +1 dagger of venom
Wands
 b - a wand of flame (12/48)
 c - a wand of enslavement (14/24)
 d - a wand of random effects (11/48)
 p - a wand of digging (10/24)
Scrolls
 e - 4 scrolls of remove curse {unknown}
 h - a scroll of enchant weapon {unknown}
 i - 5 scrolls of teleportation {unknown}
 j - 2 scrolls of random uselessness {unknown}
 l - a scroll of fog {unknown}
 o - 5 scrolls of identify {unknown}
 s - a scroll of enchant armour {unknown}
 w - a scroll of noise {unknown}
Potions
 g - a potion of flight {unknown}
 m - a potion of lignification
 t - a potion of resistance
 v - a potion of cure mutation
Books
 r - a book of the Earth

   Spells                             Type                      Level
   a - Leda's Liquefaction            Hexes/Earth                  4
   b - Bolt of Magma                  Conjuration/Fire/Earth       5
   c - Statue Form                    Transmutation/Earth          6
   d - Iron Shot                      Conjuration/Earth            6
   e - Shatter                        Earth                        9
Comestibles
 f - 3 bread rations
 k - 4 fruits
 u - a slice of pizza
 x - a beef jerky


   Skills:
 + Level 2.8 Fighting
 + Level 3.0 Short Blades
 + Level 3.5 Dodging
 - Level 10.9 Stealth
 - Level 3.2 Evocations


You had one spell level left.
You knew the following spells:

 Your Spells              Type           Power        Failure   Level  Hunger
a - Statue Form           Trmt/Erth      #........    100%        6    #######


Dungeon Overview and Level Annotations

Branches:
Dungeon (6/15)
 Temple: D:4-7

Altars:
Ashenzari
Fedhas
Gozag
Kikubaaqudgha
Nemelex Xobeh
Pakellas
Sif Muna
Zin


Innate Abilities, Weirdness & Mutations

You cannot wear most types of armour.
You are amphibious.
You can wear up to eight rings at the same time.
You can use your tentacles to constrict eight enemies at once.
Your skin changes colour to match your surroundings (Stealth).
Your rubbery body absorbs attacks (AC +1).


Message History

You kill the orc!
You puncture the orc!
You feel better.
You kill the orc!
You swing at nothing.
Evoke which item? (* to show all) (? for menu, Esc to quit)
Zapping:
d - a wand of random effects (12/48)
Press: ? - help, Shift-Dir - straight line, f - jackal
Aim: a jackal The orc warrior seems to speed up.
This wand has 11 charges left.
The orc warrior hits you with a short sword!
* * * LOW HITPOINT WARNING * * *
Evoke which item? (* to show all) (? for menu, Esc to quit)
Zapping:
c - a wand of enslavement (15/24)
Press: ? - help, Shift-Dir - straight line, f - orc warrior
Aim: an orc warrior, wielding a short sword and wearing a plate armour (fast, chance to defeat MR: 52%)
The orc warrior resists with significant effort.
This wand has 14 charges left.
The orc warrior hits you with a short sword!!
You die...
Your body crumbles into a pile of gold.

#..... #####.......
..... #....... .
#....... ##.....#
##.....# ####.......
##..........
..###########..##.......
#...[.@oh....####.....#
#.######h.......##...##
##.o####### #### ##..##
###oo.# .#####.o$.##
.......h### .......h.h.#
.........hh...#


You could see an orc warrior, an orc priest and 2 jackals.

Vanquished Creatures
  Sigmund (D:5)
  Eustachio (D:4)
  An ogre (D:5)
  A centaur (D:5)
  A giant frog (D:6)
  A scorpion (D:5)
  The ghost of M4edhros the Grave Robber, a weakling OpNe (D:3)
  2 crimson imps
  2 hounds
  A jelly (D:4)
  An iguana (D:6)
  An orc wizard (D:4)
  A worker ant zombie (D:5)
  Robin (D:4)
  3 adders
  A shadow imp (D:5)
  An ooze (D:2)
  3 adder skeletons
  3 dart slugs
  2 giant geckos
  13 orcs
  3 ball pythons
  A bat skeleton (D:2)
  A bat zombie (D:2)
  6 giant cockroaches
  11 goblins
  9 hobgoblins
  7 jackals
  8 kobolds
  A quokka (D:2)
  11 bats
  A giant gecko skeleton (D:2)
  5 giant newts
  2 jackal skeletons
  A quokka skeleton (D:5)
  5 rats
114 creatures vanquished.

Notes
Turn   | Place    | Note
--------------------------------------------------------------
     0 | D:1      | M4edhros the Octopode Artificer began the quest for the Orb.
     0 | D:1      | Reached XP level 1. HP: 13/13 MP: 3/3
     9 | D:1      | Reached skill level 2 in Stealth
    27 | D:1      | Reached XP level 2. HP: 9/18 MP: 4/4
    28 | D:1      | Reached skill level 3 in Stealth
   422 | D:1      | Reached skill level 4 in Stealth
   435 | D:1      | Reached XP level 3. HP: 23/23 MP: 5/5
  1096 | D:2      | Reached skill level 5 in Stealth
  1200 | D:2      | Found an opulent altar of Gozag.
  1211 | D:2      | Became a worshipper of Gozag Ym Sagoz the Greedy
  1333 | D:2      | Reached XP level 4. HP: 26/28 MP: 6/6
  1495 | D:3      | Found a shattered altar of Ashenzari.
  1566 | D:3      | Found a deep blue altar of Sif Muna.
  1570 | D:3      | Found an oddly glowing altar of Pakellas.
  1647 | D:3      | Noticed M4edhros's ghost (weakling OpNe)
  1655 | D:3      | Killed M4edhros's ghost
  1655 | D:3      | Reached skill level 6 in Stealth
  1887 | D:3      | Found a glowing silver altar of Zin.
  1996 | D:3      | Reached XP level 5. HP: 28/33 MP: 7/7
  2020 | D:4      | Noticed Eustachio
  2031 | D:4      | Killed Eustachio
  2031 | D:4      | Reached skill level 8 in Stealth
  2031 | D:4      | Reached XP level 6. HP: 34/38 MP: 8/8
  2082 | D:4      | Noticed Robin
  2106 | D:4      | Killed Robin
  2308 | D:4      | Reached skill level 9 in Stealth
  3135 | D:5      | Entered Level 5 of the Dungeon
  3148 | D:5      | Reached skill level 10 in Stealth
  3148 | D:5      | Reached XP level 7. HP: 43/43 MP: 9/9
  3506 | D:5      | Found a shattered altar of Ashenzari.
  3727 | D:5      | Got a transparent short sword
  3731 | D:5      | Identified the +9 short sword of Subjectivity {vamp, Dex+3} (You found it on level 5 of the Dungeon)
  3796 | D:5      | Noticed Sigmund
  3808 | D:5      | Killed Sigmund
  3864 | D:5      | Learned a level 6 spell: Statue Form
  3882 | D:5      | Found a blossoming altar of Fedhas.
  3922 | D:5      | Reached XP level 8. HP: 46/51 MP: 10/10
  4033 | D:6      | Found an ancient bone altar of Kikubaaqudgha.
  4039 | D:6      | Noticed a troll
  4107 | D:6      | Found a sparkling altar of Nemelex Xobeh.
  4144 | D:6      | Mangled by an orc warrior

Vault maps used:
D:1:      dpeg_arrival_tiny_a
D:2:      old_standard_altar, serial_undead, serial_undead_e, serial_undead_f,
          serial_undead_b, serial_undead_c, serial_undead_b
D:3:      nicolae_overflow_hidden_temple, lemuel_coloured_pillars_altar,
          nicolae_ashenzari_panopticon
D:4:      uniq_eustachio, uniq_robin
D:5:      kennysheep_mini, lemuel_round_altar, first_bread, uniq_sigmund
D:6:      lemuel_ice_spiral_2, lemuel_crystal_altar, st_stairs_5, nemelex_deck

Skill      XL: |  1  2  3  4  5  6  7  8 |
---------------+-------------------------+-----
Stealth        | 2 4 5 6 8 10 | 10.9
Fighting       | 2 |  2.8
Short Blades   | 2 3 |  3.0
Dodging        | 3 |  3.5
Evocations     | |  3.2

Action                   |  1- 3 |  4- 6 |  7- 9 || total
-------------------------+-------+-------+-------++-------
Melee: Short sword       |    81 |    52 |    32 ||   165
       Tentacles         |    16 |    21 |     6 ||    43
       Constrict         |    22 |    28 |     9 ||    59
       Dagger            |       |    55 |    17 ||    72
Evoke: Wand              |       |     3 |     5 ||     8
  Use: Potion            |       |     6 |     1 ||     7
 Stab: Sleeping          |    10 |    11 |     5 ||    26
       Distracted        |       |     3 |       ||     3
  Eat: Beef jerky        |       |     1 |       ||     1
       Bread ration      |       |     1 |     2 ||     3
Armor: Skin              |    15 |     4 |    13 ||    32
Dodge: Dodged            |    73 |    44 |    25 ||   142
